 Dungeon Crawl Stone Soup version 0.23-a0-619-g281719c (console) character file.

61203 Duffy the Thaumaturge (level 15, -11/138 HPs)
             Began as a Naga Fire Elementalist on Dec 22, 2018.
             Was a High Priest of Vehumet.
             Mangled by an orc warrior
             ... wielding a +0 mace
             ... led by an orc knight
              (15 damage)
             ... on level 2 of the Orcish Mines.
             The game lasted 00:56:04 (30137 turns).

Duffy the Thaumaturge (Naga Fire Elementalist)     Turns: 30137, Time: 00:56:05

Health: -11/138    AC: 14    Str: 13    XL:     15   Next: 2%
Magic:  3/41       EV: 10    Int: 20    God:    Vehumet [*****.]
Gold:   2049       SH:  4    Dex: 14    Spells: 8/40 levels left

rFire    + . .     SeeInvis +   L - staff of fire
rCold    + . .     Gourm    .   M - +0 buckler
rNeg     + . .     Faith    .   T - +2 robe {rC+}
rPois    +         Spirit   .   a - +0 helmet
rElec    .         Reflect  .   x - +2 cloak
rCorr    .         Harm     .   u - +1 pair of gloves {Str+3}
MR       +....                  (no barding)
Stlth    ++........             (no amulet)
HPRegen  0.33/turn              Z - ring of positive energy
MPRegen  0.27/turn              U - ring of magical power

@: lethally poisoned (-11 -> -14), very slow
A: large, see invisible, deformed body, poison resistance, slowness 2, slow
metabolism 1, spit poison 1, constrict 1, AC +5
a: Spit Poison, Renounce Religion


You were on level 2 of the Orcish Mines.
You worshipped Vehumet.
Vehumet was extremely pleased with you.
You were very hungry.

You visited 3 branches of the dungeon, and saw 19 of its levels.

You collected 2049 gold pieces.

Inventory:

Hand Weapons
 C - a +0 blowgun
Missiles
 R - 2 throwing nets (quivered)
Armour
 a - a +0 helmet (worn)
 n - a +3 leather armour of positive energy
 u - a +1 pair of gloves of strength (worn)
 x - a +2 cloak (worn)
 y - a +0 shield
 G - a +2 robe of magic resistance
 M - a +0 buckler (worn)
 T - a +2 robe of cold resistance (worn)
Magical Staves
 s - an uncursed staff of earth
 L - an uncursed staff of fire (weapon)
 Y - an uncursed staff of wizardry
Jewellery
 w - an uncursed ring of flight
 z - an uncursed ring of ice
 S - an uncursed ring of ice
 U - a ring of magical power (right hand)
 V - an uncursed ring of resist corrosion
 Z - a ring of positive energy (left hand)
Wands
 m - a wand of polymorph (6)
 J - a wand of digging (9)
 P - a wand of iceblast (18)
 Q - a wand of paralysis (7)
 W - a wand of flame (15)
Scrolls
 b - 4 scrolls of immolation
 d - 4 scrolls of blinking
 f - 2 scrolls of fog
 g - 4 scrolls of amnesia
 h - 2 scrolls of vulnerability {unknown}
 i - 4 scrolls of remove curse
 j - 3 scrolls of magic mapping
 q - 2 scrolls of teleportation
 t - 4 scrolls of fear {unknown}
 A - a scroll of enchant weapon {unknown}
 F - 2 scrolls of random uselessness {unknown}
 O - a scroll of enchant armour {unknown}
Potions
 e - a potion of ambrosia
 k - 6 potions of curing
 l - a potion of flight
 p - 3 potions of heal wounds
 r - 3 potions of haste
 v - a potion of cancellation
 D - 5 potions of brilliance
 E - 2 potions of agility
 N - 3 potions of might
 X - a potion of mutation
Comestibles
 c - 33 rations


   Skills:
 - Level 10.0 Fighting
 - Level 1.5 Dodging
 - Level 3.0 Stealth
 - Level 2.4 Shields
 + Level 13.4 Spellcasting
 + Level 11.1 Conjurations
 - Level 4.5 Translocations
 + Level 11.1 Fire Magic
 - Level 9.0 Earth Magic
 - Level 5.0 Evocations


You had 8 spell levels left.
You knew the following spells:

 Your Spells              Type           Power        Failure   Level  Hunger
a - Iron Shot             Conj/Erth      ######....   3%          6    #####..
b - Blink                 Tloc           N/A          1%          2    None
h - Stone Arrow           Conj/Erth      ######       1%          3    None
j - Sticky Flame          Conj/Fire      ######..     1%          4    None
k - Fireball              Conj/Fire      ######....   1%          5    ####...
l - Conjure Flame         Conj/Fire      ######..     1%          3    None
n - Bolt of Fire          Conj/Fire      ######....   2%          6    #####..
o - Mephitic Cloud        Conj/Pois/Air  ####....     1%          3    None

Your spell library contained the following spells:

 Spells                   Type           Power        Failure   Level  Hunger
 Ozocubu's Refrigeration  Ice            ##........   85%         6    #####..
 Flame Tongue             Conj/Fire      #####        1%          1    None
 Freeze                   Ice            ##..         1%          1    None
 Magic Dart               Conj           ####         1%          1    None
 Throw Flame              Conj/Fire      ######       1%          2    None
 Throw Frost              Conj/Ice       #####.       1%          2    None
 Inner Flame              Hex/Fire       ######..     1%          3    None
 Throw Icicle             Conj/Ice       #####...     1%          4    None
 Gell's Gravitas          Tloc           ####......   2%          3    None
 Confusing Touch          Hex            ##....       4%          1    None
 Summon Small Mammal      Summ           ##..         4%          1    None
 Call Imp                 Summ           ##......     8%          2    None
 Poisonous Vapours        Pois/Air       ##....       8%          2    None
 Slow                     Hex            ##......     8%          2    None
 Petrify                  Tmut/Erth      ####....     8%          4    None
 Confuse                  Hex            ##......     14%         3    None
 Ozocubu's Armour         Chrm/Ice       ##......     14%         3    None
 Conjure Ball Lightning   Conj/Air       #####.....   19%         6    #####..
 Yara's Violent Unravell  Hex/Tmut       ##........   32%         5    ####...
 Freezing Cloud           Conj/Ice/Air   ####......   38%         6    #####..
 Summon Ice Beast         Ice/Summ       ##......     43%         4    None
 Summon Lightning Spire   Summ/Air       ##......     43%         4    None
 Metabolic Englaciation   Hex/Ice        ##........   80%         5    ####...
 Silence                  Hex/Air        ##........   80%         5    ####...
 Ring of Flames           Chrm/Fire      ######....   99%         7    #######
 Deflect Missiles         Chrm/Air       ##........   100%        6    #####..
 Tornado                  Air            ##........   100%        9    #######


Dungeon Overview and Level Annotations

Branches:
Dungeon (11/15)            Temple (0/1) D:7            Lair (6/6) D:8
  Swamp (0/4) Lair:4        Snake (0/4) Lair:4        Slime (0/5) Lair:6
    Orc (2/2) D:10            Elf (0/3) Orc:2

Altars:
Ashenzari
Dithmenos
Elyvilon
Fedhas
Gozag
Kikubaaqudgha
Makhleb
Nemelex Xobeh
Ru
Sif Muna
Trog
Uskayaw
Vehumet
Wu Jian
Xom
Yredelemnul
Beogh

Shops:
Orc:2 :}%*

Annotations:
D:10 2 transporters


Innate Abilities, Weirdness & Mutations

You cannot wear boots.
Your serpentine skin is tough. (AC +5)
You have supernaturally acute eyesight. (SInv)
Armour fits poorly on your strangely shaped body.
Your system is resistant to poisons. (rPois)
You cover ground very slowly.
You have a slow metabolism.
You can spit poison.
You can use your snake-like lower body to constrict enemies.


Message History

a +0 dagger; a +0 robe; an orc corpse You barely miss the orc warrior.
You grab the orc warrior.
The orc warrior is heavily wounded.
You constrict the orc warrior, but do no damage.
You feel sick.
The orc warrior no longer looks unusually strong.
The orc warrior hits you with a +0 flail!
The orc warrior completely misses you.
You hit the orc warrior but do no damage.
The orc warrior is heavily wounded.
You constrict the orc warrior, but do no damage.
You feel sick. You block the orc warrior's attack.
The orc warrior hits you with a +0 mace.
You hit the orc warrior but do no damage.
You burn the orc warrior!
The orc warrior is moderately wounded.
You constrict the orc warrior.
You feel sick.
The orc warrior hits you with a +0 flail!
The orc warrior hits you with a +0 mace!
You die...

*,,,,*,,,,......##.......,* *,
**,,,,*,,,...............## **
,**,,,*,*,...........#....## *
,,,,,,,,,,............#....## ***
,,,,,,,,,,..................#*###.*
,,,,,,,,,,.................###.#...
,,,,,,,,,,......).........##....#.#
,,,,,,,,,,......o%...............##
,,,,,,,,,,....).o@).).............#
,,,,,,,,,,.................##..#.##
,,,,,,,,,,........#.......#........
,,,,,,,,,,...)...#.................
,,**,,,,,,..................##..##.
,,,**,,,,,............#....##......
,,,**,,,,,.................#.......
*,**,,,,,,................)........
***,,,,,,,,,,,,,,,,...##...#......~


You could see 2 orc warriors.

Vanquished Creatures
  Saint Roka (Orc:2)
  Fannar (Lair:2)
  Harold (Lair:1)
  The ghost of inc the Nimble, a journeyman FeAE of Hepliaklqana (Lair:3)
  2 hydras
  A two-headed ogre (D:11)
  3 catoblepae (Lair:6)
  A centaur warrior (D:10)
  12 death yaks
  Nergalle (Lair:2)
  3 orc knights (Orc:2)
  An orc sorcerer (Orc:2)
  4 oklob plants
  10 elephants
  A cyclops (D:10)
  2 manticores (Lair:6)
  A centaur zombie (D:8)
  6 black mambas
  Psyche (D:11)
  8 spiny frogs
  8 komodo dragons
  9 rime drakes
  3 trolls
  A polar bear (Lair:6)
  2 dream sheep (D:8)
  9 hippogriffs
  The ghost of mhoghedin the Skirmisher, an amateur KoBe of Trog (D:3)
  5 blink frogs (Lair:3)
  Sigmund (D:3)
  4 wyverns
  31 yaks
  2 hungry ghosts (D:10)
  2 basilisks
  A steam dragon (D:10)
  3 wargs (Orc:2)
  Edmund (D:4)
  19 water moccasins
  18 porcupines
  Duvessa (D:5)
  3 black bears
  2 ice beasts (D:5)
  34 orc warriors
  A sky beast (D:9)
  7 ogres
  A necrophage (D:9)
  10 centaurs
  13 crocodiles
  12 wolves
  Blork the orc (D:4)
  8 big kobolds
  14 bullfrogs
  A gnoll sergeant (D:8)
  Dowan (D:5)
  2 scorpions
  6 wights
  9 killer bees
  A howler monkey (D:6)
  4 electric eels
  A bullfrog zombie (D:6)
  8 crimson imps
  7 hounds
  2 jellies
  16 orc priests
  A bullfrog skeleton (D:7)
  Jessica (D:2)
  2 centaur skeletons
  4 iguanas
  10 worker ants
  Natasha (thrice) (D:4)
  27 orc wizards
  Ijyb (D:3)
  8 ogre zombies (D:10)
  A hound zombie (D:10)
  A worker ant zombie (D:10)
  Robin (D:3)
  15 gnolls
  15 adders
  An ooze (D:4)
  3 adder zombies
  2 adder skeletons
  2 worms
  4 dart slugs
  14 leopard geckos
  59 orcs
  4 bats
  4 giant cockroaches
  11 goblins
  14 hobgoblins
  13 jackals
  29 kobolds
  8 quokkas
  A ball python (D:1)
  A ball python skeleton (D:4)
  9 frilled lizards
  2 goblin skeletons (D:10)
  2 goblin zombies (D:10)
  A leopard gecko zombie (D:7)
  2 orc skeletons (D:10)
  19 orc zombies (D:10)
  2 quokka skeletons
  A quokka zombie (D:7)
  6 rats
  3 plants
653 creatures vanquished.

Vanquished Creatures (others)
  An orc warrior (Orc:2)
  An orc priest (Orc:2)
  An orc wizard (D:11)
  7 fungi (Lair:6)
  12 plants
22 creatures vanquished.

Grand Total: 675 creatures vanquished

Notes
Turn   | Place    | Note
-------+----------+-------------------------------------------
     0 | D:1      | Duffy the Naga Fire Elementalist began the quest for the
                  | Orb.
     0 | D:1      | Reached XP level 1. HP: 15/15 MP: 3/3
   418 | D:2      | Reached XP level 2. HP: 5/22 MP: 0/5
   610 | D:2      | Reached XP level 3. HP: 24/28 MP: 4/6
   620 | D:2      | Learned a level 3 spell: Conjure Flame
   717 | D:3      | Noticed Ijyb
   727 | D:3      | Killed Ijyb
   813 | D:3      | Reached XP level 4. HP: 25/36 MP: 0/7
  1140 | D:4      | Reached XP level 5. HP: 42/42 MP: 6/8
  1166 | D:4      | Learned a level 4 spell: Sticky Flame
  1235 | D:4      | Noticed Edmund
  1244 | D:4      | Killed Edmund
  1244 | D:4      | Reached XP level 6. HP: 49/49 MP: 9/9
  1271 | D:5      | Entered Level 5 of the Dungeon
  1280 | D:3      | Noticed Robin
  1823 | D:3      | Killed Robin
  1891 | D:4      | Reached skill level 5 in Conjurations
  1967 | D:4      | Noticed Natasha
  1972 | D:4      | Killed Natasha
  1972 | D:4      | Reached skill level 3 in Spellcasting
  2024 | D:4      | Found an opulent altar of Gozag.
  2087 | D:4      | Noticed Natasha
  2099 | D:4      | Killed Natasha
  2297 | D:4      | Found a basalt altar of Yredelemnul.
  2338 | D:4      | Reached XP level 7. HP: 53/55 MP: 7/11
  2395 | D:4      | Noticed Blork the orc
  2403 | D:4      | Killed Blork the orc
  2403 | D:4      | Reached skill level 5 in Fire Magic
  2710 | D:5      | Learned a level 3 spell: Mephitic Cloud
  3066 | D:6      | Reached XP level 8. HP: 57/62 MP: 8/13
  3267 | D:7      | Found a staircase to the Ecumenical Temple.
  3489 | D:6      | Reached skill level 4 in Spellcasting
  3550 | D:6      | Found a blossoming altar of Fedhas.
  3578 | D:6      | Found an ancient bone altar of Kikubaaqudgha.
  3629 | D:6      | Found a radiant altar of Vehumet.
  3636 | D:6      | Became a worshipper of Vehumet
  3648 | D:6      | Found a deep blue altar of Sif Muna.
  3942 | D:1      | Learned a level 2 spell: Blink
  4387 | D:1      | Reached * piety under Vehumet
  4387 | D:1      | Offered knowledge of Sting by Vehumet.
  5206 | D:2      | Found a shimmering altar of Xom.
  5268 | D:2      | Found a white marble altar of Elyvilon.
  5271 | D:2      | Found a burning altar of Makhleb.
  5271 | D:2      | Found a shadowy altar of Dithmenos.
  5271 | D:2      | Found a hide-covered altar of Uskayaw.
  5277 | D:2      | Found a sparkling altar of Nemelex Xobeh.
  5301 | D:2      | Found a bloodstained altar of Trog.
  5303 | D:2      | Found an ornate altar of the Wu Jian Council.
  5371 | D:2      | Noticed Jessica
  5374 | D:2      | Killed Jessica
  5639 | D:3      | Found a faded altar of an unknown god.
  5665 | D:3      | Offered knowledge of Sandblast by Vehumet.
  5683 | D:3      | Reached ** piety under Vehumet
  5741 | D:3      | Noticed Sigmund
  5772 | D:3      | Killed Sigmund
  5772 | D:3      | Reached XP level 9. HP: 68/68 MP: 8/16
  5932 | D:3      | Found a large runed door.
  5932 | D:3      | Found a large runed door.
  5934 | D:3      | Noticed mhoghedin's ghost (amateur KoBe)
  6048 | D:3      | Killed mhoghedin's ghost
  6356 | D:4      | Noticed Natasha
  6360 | D:4      | Killed Natasha
  6417 | D:4      | Found a sacrificial altar of Ru.
  6848 | D:5      | Noticed Duvessa
  6857 | D:5      | Killed Duvessa
  6857 | D:5      | Reached skill level 5 in Spellcasting
  6936 | D:5      | Noticed Dowan
  6955 | D:5      | Killed Dowan
  7073 | D:5      | Learned a level 5 spell: Fireball
  7436 | D:6      | Reached skill level 1 in Fighting
  7436 | D:6      | Reached skill level 1 in Evocations
  7865 | D:6      | Identified Sif Muna's Incunabulum of the Escort
  7991 | D:7      | Offered knowledge of Stone Arrow by Vehumet.
  8309 | D:6      | Reached *** piety under Vehumet
  8429 | D:6      | Reached skill level 6 in Spellcasting
  9232 | D:7      | Reached XP level 10. HP: 70/81 MP: 15/19
  9240 | D:7      | Learned a level 3 spell: Stone Arrow
  9418 | D:7      | Reached skill level 1 in Earth Magic
  9717 | D:8      | Noticed a death yak
  9724 | D:8      | Noticed a death yak
 10056 | D:8      | Offered knowledge of Static Discharge by Vehumet.
 10174 | D:8      | Found a staircase to the Lair.
 10287 | D:8      | Noticed a death yak
 10299 | D:8      | Killed a death yak
 10726 | D:8      | Noticed a death yak
 10727 | D:8      | Noticed a death yak
 10757 | D:8      | Killed a death yak
 10768 | D:8      | Reached skill level 5 in Fighting
 10768 | D:8      | Reached skill level 5 in Evocations
 10778 | D:8      | Killed a death yak
 11146 | D:8      | Killed a death yak
 11146 | D:8      | Reached XP level 11. HP: 78/102 MP: 16/20
 11150 | D:8      | Killed a death yak
 11384 | D:8      | You fall through a shaft for 3 floors!
 11435 | D:11     | Noticed Psyche
 11463 | D:11     | Killed Psyche
 11664 | D:11     | Noticed a two-headed ogre
 11673 | D:11     | Killed a two-headed ogre
 12064 | D:10     | Entered Level 10 of the Dungeon
 12296 | D:11     | Reached **** piety under Vehumet
 12762 | D:10     | Offered knowledge of Force Lance by Vehumet.
 12916 | D:10     | Reached skill level 10 in Fighting
 13213 | D:10     | Found a staircase to the Orcish Mines.
 13225 | D:10     | Reached skill level 7 in Spellcasting
 13225 | D:10     | Reached ***** piety under Vehumet
 13225 | D:10     | Offered knowledge of Bolt of Magma by Vehumet.
 13770 | D:8      | Reached skill level 8 in Spellcasting
 13891 | D:8      | Noticed a three-headed hydra
 13896 | D:8      | Killed a three-headed hydra
 14038 | D:8      | Found a shattered altar of Ashenzari.
 14526 | D:8      | Learned a level 5 spell: Bolt of Magma
 14782 | D:9      | Reached skill level 1 in Shields
 14782 | D:9      | Reached XP level 12. HP: 116/116 MP: 18/24
 15350 | D:10     | Noticed a centaur warrior
 15365 | D:10     | Killed a centaur warrior
 15365 | D:10     | Reached skill level 9 in Spellcasting
 15797 | D:10     | Noticed a two-headed ogre
 15832 | D:10     | Found a roughly hewn altar of Beogh.
 15832 | D:10     | Found a transporter.
 15886 | D:10     | Found a transporter.
 16093 | Lair:1   | Entered Level 1 of the Lair of Beasts
 16274 | Lair:1   | Reached skill level 10 in Spellcasting
 16346 | Lair:1   | Reached skill level 1 in Translocations
 16656 | Lair:1   | Noticed Harold
 16676 | Lair:1   | Killed Harold
 17431 | Lair:2   | Noticed Nergalle
 17448 | Lair:2   | Killed Nergalle
 17553 | Lair:2   | Noticed Fannar
 17560 | Lair:2   | Killed Fannar
 19323 | Lair:3   | Reached skill level 5 in Earth Magic
 19495 | Lair:3   | Gained mutation: You can use your snake-like lower body to
                  | constrict enemies. [Naga growth]
 19495 | Lair:3   | Reached XP level 13. HP: 123/123 MP: 18/27
 19562 | Lair:3   | Reached skill level 11 in Spellcasting
 19917 | Lair:3   | Offered knowledge of Iron Shot by Vehumet.
 19951 | Lair:3   | Learned a level 6 spell: Iron Shot
 20314 | Lair:3   | Found a large runed door.
 20770 | Lair:3   | Found a large runed door.
 20774 | Lair:3   | Noticed inc's ghost (journeyman FeAE)
 21060 | Lair:4   | Found a staircase to the Swamp.
 22159 | Lair:4   | Found a staircase to the Snake Pit.
 23212 | Lair:5   | Reached skill level 10 in Conjurations
 23351 | Lair:5   | Got an ichor-stained hand axe
 23354 | Lair:5   | Identified the cursed +0 hand axe "Xoycim" {pain, rPois
                  | Str+2 Stlth-} (You found it on level 5 of the Lair of
                  | Beasts)
 23714 | Lair:5   | Offered knowledge of Bolt of Fire by Vehumet.
 23827 | Lair:5   | Learned a level 6 spell: Bolt of Fire
 24969 | Lair:6   | Entered Level 6 of the Lair of Beasts
 25302 | Lair:6   | Found a staircase to the Slime Pits.
 25735 | Lair:6   | Reached XP level 14. HP: 132/132 MP: 28/29
 25752 | Lair:6   | Reached skill level 12 in Spellcasting
 26896 | Lair:6   | Reached skill level 10 in Fire Magic
 27802 | Lair:3   | Killed inc's ghost
 27810 | Lair:3   | Got a slimy long sword
 27811 | Lair:3   | Identified the +6 long sword "Lyetzycw" {flame, Str+4
                  | Stlth+} (You found it on level 3 of the Lair of Beasts)
 27990 | Orc:1    | Entered Level 1 of the Orcish Mines
 28137 | D:10     | Reached skill level 13 in Spellcasting
 28388 | Orc:2    | Entered Level 2 of the Orcish Mines
 28467 | Orc:2    | Found a staircase to the Elven Halls.
 28473 | Orc:2    | Noticed Saint Roka
 28478 | Orc:2    | Offered knowledge of Ozocubu's Refrigeration by Vehumet.
 28487 | Orc:2    | Killed Saint Roka
 28836 | Orc:2    | HP: 6/198 [orc warrior/+0 great mace (11)]
 29873 | Orc:2    | Found Mizaewag's Food Emporium.
 29873 | Orc:2    | Found Coabbeing's Gadget Boutique.
 29875 | Orc:2    | Found Lianoxtu's Book Shop.
 29877 | Orc:2    | Found Doamet's General Store.
 30126 | Orc:2    | Reached XP level 15. HP: 125/138 MP: 4/32
 30137 | Orc:2    | HP: 4/138 [orc warrior/+0 flail (11)]
 30137 | Orc:2    | Mangled by an orc warrior

Vault maps used:
D:1:      eino_arrival_cavern_e, serial_forest, infiniplex_forest_lined_room_2,
          infiniplex_forest_diagonal, infiniplex_forest_lined_corner,
          infiniplex_forest_lined_room_2, infiniplex_forest_clump_double,
          infiniplex_forest_zigzag_2, infiniplex_forest_clump_long,
          infiniplex_forest_end_3, minmay_tromino_v4_a
D:2:      minitemple, chequers_temple_overflow_statue_of_worship, first_ration,
          uniq_jessica
D:3:      ebering_ghost_disaster_area, chequers_ecumenical_altar_simple,
          uniq_robin, uniq_ijyb, uniq_sigmund
D:4:      kennysheep_little_box, overflow_temple_1_default, old_standard_altar,
          uniq_edmund, uniq_natasha, uniq_blork_the_orc
D:5:      uniq_duvessa
D:6:      palyth_temple_overflow_mages, overflow_temple_1_default,
          kennysheep_minor_cross
D:7:      minmay_temple_entry_tees
D:8:      ashenzari_conservatory_becter, dpeg_lair_monsters, hangedman_ranch
D:10:     gammafunk_beogh_shrine, zombieorc2_lemuel, serial_column_ruins,
          column_ruins_columns_corner, column_ruins_open_tiny,
          column_ruins_grid_1, column_ruins_columns_straight
D:11:     minmay_recursive_quarters, uniq_psyche
Lair:1:   minivault_11, uniq_harold
Lair:2:   grunt_megastairs_2, lemuel_fruit_fields, uniq_fannar, uniq_nergalle
Lair:3:   ebering_ghost_disaster_area, st_stairs_6, grunt_megastairs_1,
          minmay_lair_oklob_chamber
Lair:4:   minmay_swamp_entry_reptiles, minmay_snake_entry_six_corridors,
          beast_lair_carwin_9, infiniplex_staircase_pool
Lair:5:   grunt_forest_stairs_basic, disabler_island
Lair:6:   evilmike_catoblepas_cave, dpeg_slime_entry_corner,
          minmay_lair_drake_nest
Orc:2:    st_orc_rangers, nicolae_volcano_entry_lava_flow, uniq_saint_roka

Skill      XL: |  1  2  3  4  5  6  7  8  9 10 11 12 13 14 |
---------------+-------------------------------------------+-----
Conjurations   | 2 3 4 5 6 7 8 10 11 | 11.1
Fire Magic     | 4 5 7 8 11 | 11.1
Spellcasting   | 3 4 6 8 10 11 13 | 13.4
Fighting       | 2 7 10 | 10.0
Evocations     | 2 5 |  5.0
Earth Magic    | 4 5 8 9 |  9.0
Shields        | 1 2 |  2.4
Translocations | 4 |  4.5
Dodging        | |  1.5
Stealth        | |  3.0

Action                   |  1- 3 |  4- 6 |  7- 9 | 10-12 | 13-15 || total
-------------------------+-------+-------+-------+-------+-------++-------
Melee: Short sword       |       |     2 |       |       |       ||     2
       Dagger            |       |     9 |       |       |       ||     9
       Flail             |       |    22 |   289 |   205 |       ||   516
       Staff             |       |       |       |    61 |   179 ||   240
       Constrict         |       |       |       |       |    33 ||    33
 Cast: Flame Tongue      |    23 |    47 |   227 |    26 |       ||   323
       Conjure Flame     |       |     1 |     5 |    29 |     9 ||    44
       Sticky Flame      |       |       |    38 |    91 |    74 ||   203
       Blink             |       |       |       |     2 |     2 ||     4
       Stone Arrow       |       |       |       |   150 |    91 ||   241
       Fireball          |       |       |       |    13 |   114 ||   127
       Bolt of Magma     |       |       |       |     1 |       ||     1
       Bolt of Fire      |       |       |       |       |    56 ||    56
 Abil: Spit Poison       |    10 |    11 |    21 |     1 |       ||    43
Evoke: Wand              |       |     1 |     2 |    16 |    26 ||    45
  Use: Potion            |     1 |       |       |     2 |     6 ||     9
       Scroll            |       |       |    14 |    10 |     6 ||    30
 Stab: Paralysed         |       |     5 |     3 |       |     2 ||    10
       Sleeping          |       |       |     2 |     2 |       ||     4
       Distracted        |       |       |     1 |       |       ||     1
  Eat: Chunk             |       |     4 |    25 |    34 |    31 ||    94
       Ration            |       |       |       |     2 |     9 ||    11
Armor: Robe              |     1 |       |       |    24 |   136 ||   161
       Leather armour    |       |    17 |   278 |   220 |       ||   515
       Skin              |       |       |       |       |     2 ||     2
Dodge: Dodged            |    11 |    35 |   278 |   326 |   248 ||   898
Block: Buckler           |       |       |       |       |    48 ||    48

Table legend:
 A = Non-vault XP
 B = Vault XP
 C = Vault XP percentage of total XP
 D = Non-vault monster count
 E = Vault monster count
 F = Vault count percentage of total count
                 A         B        C        D         E       F
            +---------+---------+-------+---------+---------+-------
      Total |   40544 |   46889 |  53.6 |     445 |     207 |  31.7
            +---------+---------+-------+---------+---------+-------
        D:1 |      55 |       7 |  11.3 |      29 |       4 |  12.1
        D:2 |     138 |      37 |  21.1 |      23 |       1 |   4.2
        D:3 |     117 |     529 |  81.9 |      19 |       6 |  24.0
        D:4 |     353 |     301 |  46.0 |      19 |      12 |  38.7
        D:5 |     595 |     216 |  26.6 |      18 |       2 |  10.0
        D:6 |    1901 |     192 |   9.2 |      49 |       5 |   9.3
        D:7 |     570 |       0 |   0.0 |      19 |       0 |   0.0
        D:8 |    1588 |    6976 |  81.5 |      38 |      15 |  28.3
        D:9 |    1343 |       0 |   0.0 |      25 |       0 |   0.0
       D:10 |    4019 |     657 |  14.1 |      32 |      36 |  52.9
       D:11 |    2008 |     332 |  14.2 |      19 |       1 |   5.0
     Lair:1 |    1880 |     997 |  34.7 |      11 |       1 |   8.3
     Lair:2 |    3020 |    2748 |  47.6 |      20 |       5 |  20.0
     Lair:3 |    5729 |    4690 |  45.0 |      28 |      11 |  28.2
     Lair:4 |    2024 |    4910 |  70.8 |      11 |      23 |  67.6
     Lair:5 |    5745 |     364 |   6.0 |      22 |       4 |  15.4
     Lair:6 |    4743 |   14520 |  75.4 |      14 |      29 |  67.4
      Orc:1 |     520 |       0 |   0.0 |      10 |       0 |   0.0
      Orc:2 |    4196 |    9413 |  69.2 |      39 |      52 |  57.1
            +---------+---------+-------+---------+---------+-------
